 Dungeon Crawl Stone Soup version 0.23.0 (webtiles) character file.

Game seed: 5113119959028279673

42 MalarOregon the Caller (level 3, 0/26 HPs)
             Began as a Merfolk Summoner on Feb 15, 2019.
             Succumbed to an adder's poison
             ... on level 2 of the Dungeon.
             The game lasted 00:04:12 (2263 turns).

MalarOregon the Caller (Merfolk Summoner)           Turns: 2263, Time: 00:04:13

Health: 0/26       AC:  2    Str:  8    XL:     3   Next: 56%
Magic:  6/6        EV: 13    Int: 20    God:
Gold:   65         SH:  0    Dex: 14    Spells: 3/6 levels left

rFire    . . .     SeeInvis .   k - +2 dagger (vamp) {!w}
rCold    . . .     Gourm    .   (no shield)
rNeg     . . .     Faith    .   a - +0 robe
rPois    .         Spirit   .   (no helmet)
rElec    .         Reflect  .   (no cloak)
rCorr    .         Harm     .   (no gloves)
MR       .....                  (no boots)
Stlth    ++........             (no amulet)
HPRegen  0.08/turn              (no ring)
MPRegen  0.10/turn              (no ring)

@: brilliant, lethally poisoned (0 -> -7)
A: change form in water, swift swim, stealthy swim
a: no special abilities


You were on level 2 of the Dungeon.
You were not hungry.

You visited 1 branch of the dungeon, and saw 2 of its levels.

You collected 65 gold pieces.

Inventory:

Hand Weapons
 k - a +2 vampiric dagger (weapon) {!w}
   (You took it off a goblin on level 1 of the Dungeon)
Armour
 a - a +0 robe (worn)
Scrolls
 b - a scroll of fear {unknown}
 d - a scroll of immolation {unknown}
 f - a scroll of remove curse {unknown}
 g - a scroll of enchant weapon {unknown}
 h - a scroll of amnesia {unknown}
 i - a scroll of teleportation {unknown}
Comestibles
 j - 2 chunks of flesh


   Skills:
 + Level 1.4 Fighting
 + Level 3.4 Dodging
 - Level 2.1 Stealth
 + Level 2.4 Spellcasting
 + Level 4.3 Summonings


You had 3 spell levels left.
You knew the following spells:

 Your Spells              Type           Power        Failure   Level  Hunger
a - Summon Small Mammal   Summ           ####         1%          1    #......
x - Call Imp              Summ           ####....     1%          2    ##.....

Your spell library contained the following spells:

 Spells                   Type           Power        Failure   Level  Hunger
 Call Canine Familiar     Summ           ####....     1%          3    ###....
 Summon Guardian Golem    Hex/Summ       ###.....     2%          3    ###....
 Summon Ice Beast         Ice/Summ       ###.....     7%          4    #####..
 Summon Lightning Spire   Summ/Air       ###.....     7%          4    #####..


Dungeon Overview and Level Annotations

Branches:
Dungeon (2/15)

Altars:


Message History

There is an escape hatch in the floor here.
Some of the chunks of flesh in your inventory have rotted away.
There is a stone staircase leading down here.
You climb downwards.
Found a scroll labeled NIKLIB AXEERAI and 14 sling bullets.
There is a stone staircase leading up here.
d - a scroll labeled NIKLIB AXEERAI An adder comes into view.
The adder hisses angrily.
The adder misses you. The adder bites you.
You miss the adder. The adder bites you but does no damage.
You hit the adder. The adder barely misses you.
You hit the adder. The adder closely misses you.
You closely miss the adder. The adder barely misses you. x2
You closely miss the adder. The adder barely misses you.
You closely miss the adder. The adder bites you.
You are poisoned.
The adder poisons you!
You barely miss the adder.
You feel sick. The adder bites you.
You are more poisoned.
The adder poisons you! The adder bites you.
* * * LOW HITPOINT WARNING * * *
You closely miss the adder.
You feel sick. The adder bites you.
* * * LOW HITPOINT WARNING * * *
You are more poisoned.
The adder poisons you!
You hit the adder.
* * * LOW HITPOINT WARNING * * *
You feel sick. The adder bites you.
* * * LOW HITPOINT WARNING * * *
You hit the adder.
You kill the adder!
* * * LOW HITPOINT WARNING * * *
You feel sick.
There is a lethal amount of poison in your body!
It was a potion of brilliance.
You feel clever all of a sudden.
* * * LOW HITPOINT WARNING * * *
You feel sick.
There is a lethal amount of poison in your body!
Unknown command.
* * * LOW HITPOINT WARNING * * *
You feel sick.
Found a hunting sling.
* * * LOW HITPOINT WARNING * * *
You feel sick.
* * * LOW HITPOINT WARNING * * *
You feel sick.
Unknown command.
You die...

##.##.##.##
#.........#
#..<......#
#.........#
#.........#
#...........# #
#.#.........#####.#
...................#
..§...≈.......##@...#
.≈§§≈...≈.....##....#
≈§§.§.....##....#
≈§§§..#####...)#
≈≈≈§.. #.#### ≈§§..
..# §. #.. ..#


There were no monsters in sight!

Vanquished Creatures
  An adder (D:2)
  4 bats (D:1)
  3 giant cockroaches (D:1)
  3 goblins (D:1)
  2 hobgoblins (D:1)
  4 kobolds (D:1)
  5 frilled lizards (D:1)
  5 rats (D:1)
27 creatures vanquished.

Vanquished Creatures (collateral kills)
  A dart slug (D:1)
  2 goblins (D:1)
  2 hobgoblins (D:1)
  A frilled lizard (D:1)
  2 kobolds (D:1)
  A rat (D:1)
9 creatures vanquished.

Grand Total: 36 creatures vanquished

Notes
Turn   | Place    | Note
-------+----------+-------------------------------------------
     0 | D:1      | MalarOregon the Merfolk Summoner began the quest for the
                  | Orb.
     0 | D:1      | Reached XP level 1. HP: 13/13 MP: 3/3
   317 | D:1      | Reached XP level 2. HP: 12/20 MP: 5/5
   948 | D:1      | Reached skill level 1 in Fighting
  1660 | D:1      | Reached XP level 3. HP: 26/26 MP: 6/6
  1711 | D:1      | Learned a level 2 spell: Call Imp
  2261 | D:2      | HP: 1/26 [poisoned by an adder]
  2263 | D:2      | Succumbed to an adder's poison

Skill      XL: |  1  2 |
---------------+-------+-----
Dodging        | 3 |  3.4
Fighting       | 1 |  1.4
Stealth        | |  2.1
Spellcasting   | |  2.4
Summonings     | |  4.3

Action                   || total
-------------------------++-------
Melee: Unarmed           ||   110
       Short sword       ||    19
       Dagger            ||    36
 Cast: Summon Small Mamm ||    20
       Call Imp          ||     2
  Use: Potion            ||     1
 Stab: Sleeping          ||     5
       Distracted        ||     1
  Eat: Chunk             ||     4
       Ration            ||     2
Armor: Robe              ||    31
Dodge: Dodged            ||   111
